 Dungeon Crawl Stone Soup version 0.27.1-3-gb3d3a73c9e (webtiles) character file.

Game seed: 16435963528453583713

23 Sirial the Grasshopper (level 2, 0/17 HPs)
             Began as a Deep Elf Warper on Oct 19, 2021.
             Slain by an adder (3 damage)
             ... on level 2 of the Dungeon.
             The game lasted 00:02:20 (1513 turns).

Sirial the Grasshopper (Deep Elf Warper)            Turns: 1513, Time: 00:02:21

Health: 0/17       AC:  3    Str:  8    XL:     2   Next: 72%
Magic:  8/8        EV: 12    Int: 17    God:
Gold:   23         SH:  0    Dex: 14    Spells: 7/7 levels left

rFire    . . .     SeeInvis .   g - +1 flail (protect)
rCold    . . .     Faith    .   (no shield)
rNeg     . . .     Spirit   .   b - +0 leather armour
rPois    .         Reflect  .   (no helmet)
rElec    .         Harm     .   (no cloak)
rCorr    .         Rampage  .   (no gloves)
Will     .....                  (no boots)
Stlth    +.........             (no amulet)
HPRegen  0.05/turn              (no ring)
MPRegen  0.11/turn              (no ring)

@: no status effects
A: no striking features
a: no special abilities


You were on level 2 of the Dungeon.
You visited 1 branch of the dungeon, and saw 2 of its levels.

You collected 23 gold pieces.

Inventory:

Hand Weapons
 a - a +0 falchion
 g - a +1 flail of protection (weapon)
Armour
 b - a +0 leather armour (worn)
Wands
 d - a wand of polymorph (6)
Scrolls
 c - a scroll of blinking
 h - a scroll of fog {unknown}
Potions
 e - a potion of berserk rage {unknown}
 f - a potion of invisibility {unknown}


   Skills:
 + Level 1.9 Fighting
 + Level 2.0 Long Blades
 + Level 0.1 Maces & Flails
 + Level 1.0 Throwing
 + Level 1.0 Armour
 + Level 2.5 Dodging
 + Level 3.0 Spellcasting
 + Level 3.6 Translocations


You had 7 spell levels left.
You didn't know any spells.
Your spell library contained the following spells:

 Spells                   Type           Power      Damage    Failure   Level
 Blink                    Tloc           N/A        N/A       9%          2
 Gell's Gravitas          Tloc           7%         N/A       17%         3
 Lesser Beckoning         Tloc           7%         N/A       17%         3
 Teleport Other           Tloc           14%        N/A       17%         3
 Slow                     Hex            2%         N/A       36%         2
 Confusing Touch          Hex            2%         N/A       58%         3
 Vampiric Draining        Necr           1%         2d6       58%         3
 Manifold Assault         Tloc           14%        N/A       83%         5


Dungeon Overview and Level Annotations

Branches:
Dungeon (2/15)

Altars:


Message History

You see here 9 gold pieces.
The kobold closely misses you.
The adder hisses angrily.
You completely miss the kobold. The kobold hits you but does no damage.
The adder closely misses you.
You sock the kobold!
Your weapon exudes an aura of protection.
You kill the kobold!
The adder bites you. The adder barely misses you. The adder misses you.
Things that are here:
a +0 short sword; 4 stones; a kobold corpse You closely miss the adder.
The adder barely misses you.
Your leather armour prevents you from hitting the adder.
The adder bites you. The adder barely misses you.
You closely miss the adder. The adder bites you.
The adder bites you but does no damage.
You hit the adder but do no damage.
Your weapon exudes an aura of protection.
The adder misses you. The adder closely misses you.
You hit the adder.
The adder is moderately wounded.
The adder closely misses you. The adder misses you.
You closely miss the adder.
The adder is moderately wounded.
The adder bites you.
* * * LOW HITPOINT WARNING * * *
The adder closely misses you.
You miss the adder.
The adder is moderately wounded.
The adder barely misses you.
You closely miss the adder.
The adder is moderately wounded.
The adder bites you.
* * * LOW HITPOINT WARNING * * *
The adder closely misses you.
You closely miss the adder.
The adder is moderately wounded.
The adder bites you.
You die...

*,* #.* #.# *,* *_* #.*
#.# ##+## *,* #.* #.#
##...## #,* #.###.#
##.....##
#.###..##.###.......##
#........†##.........##
*###.......'.........'.
##.S$####.........##
#.@## ##.......## #.##
##.....## **#.* ##...##
*,..* ##+## *.##* *,*
***#.***** *,*
*,,.,,,,,* ***,*****
*,##,***,* *,,,,,,,*
*,**,* *,* *,,,,,*,**


You could see an adder.

Vanquished Creatures
  An adder (D:2)
  A giant cockroach (D:2)
  A hobgoblin (D:1)
  4 jackals (D:1)
  3 bats
  2 goblins (D:1)
  A kobold (D:2)
13 creatures vanquished.

Notes
Turn   | Place    | Note
-------+----------+-------------------------------------------
     0 | D:1      | Sirial the Deep Elf Warper began the quest for the Orb.
     0 | D:1      | Reached XP level 1. HP: 12/12 MP: 6/6
   441 | D:1      | You fall into a shaft and drop 1 floor!
  1098 | D:1      | Reached XP level 2. HP: 17/17 MP: 8/8
  1494 | D:2      | Reached skill level 1 in Armour
  1513 | D:2      | Slain by an adder

Illustrated notes

Levels and vault maps discovered:
D:1:      minmay_arrival_three_doors, layout_loops_corners,
          chequers_serial_rivers_micro_c
D:2:      layout_loops_corners, basic_ecumenical_altar

Skill      XL: |  1  2 |
---------------+-------+-----
Long Blades    | 2 |  2.0
Armour         | 1 |  1.0
Fighting       | |  1.9
Maces & Flails | |  0.1
Throwing       | |  1.0
Dodging        | |  2.5
Spellcasting   | |  3.0
Translocations | |  3.6

Action                   || total
-------------------------++-------
Melee: Falchion          ||    24
       Flail             ||    37
Throw: Boomerang         ||     5
  Use: Scroll            ||     3
Armor: Leather armour    ||    24
Dodge: Dodged            ||    61
       Rpst.: Falchion   ||     7
